 Dungeon Sprint DCSS version 0.30-a0-965-g42e074c17a (webtiles) character file.

Game seed: 12232198704718372159

9 sircluck the Grasshopper (level 2, -17/15 HPs)
             Began as a Spriggan Warper on Mar 30, 2023.
             Killed from afar by an oklob sapling (32 damage)
             ... with a splash of acid
             ... in the Dungeon (Sprint IV: "Fedhas' Mad Dash").
             The game lasted 00:01:12 (96 turns).

sircluck the Grasshopper (Spriggan Warper)            Turns: 96, Time: 00:01:12

Health: -17/15     AC:  3    Str:  7    XL:     2   Next: 6%
Magic:  7/7        EV: 18    Int: 14    God:
Gold:   0          SH:  0    Dex: 14    Spells: 7/7 levels left

rFire   . . .      SeeInvis +    a - +0 short sword
rCold   . . .      Faith    .    (no shield)
rNeg    . . .      Spirit   .    b - +0 robe
rPois   .          Reflect  .    (helmet restricted)
rElec   .          Rampage  .    d - +0 cloak
rCorr   .          NoTele   +    (gloves unavailable)
Will    .....                    (boots unavailable)
Stlth   +                        (no amulet)
HPRegen 0.22/turn                (no ring)
MPRegen 0.10/turn                (no ring)

@: very quick
A: very small, no large weapons, unfitting armour, see invisible, speed 3
a: no special abilities


You were in the Dungeon.
You visited 1 branch

Inventory:

Hand Weapons
 a - a +0 short sword (weapon)
Armour
 b - a +0 robe (worn)
 d - a +0 cloak (worn)
Scrolls
 c - 2 scrolls of blinking
Potions
 e - a potion of curing
 f - a potion of heal wounds
 g - a potion of haste
 h - 2 potions of magic
 i - a potion of berserk rage


   Skills:
 + Level 1.9 Fighting
 + Level 2.7 Short Blades
 + Level 1.3 Throwing
 + Level 3.9 Dodging
 + Level 3.3 Spellcasting
 + Level 5.8 Translocations


You had 7 spell levels left.
You didn't know any spells.
Your spell library contained the following spells:

 Spells                   Type           Power      Damage    Failure   Level
 Blink                    Tloc           36%        N/A       3%          2
 Lesser Beckoning         Tloc           36%        N/A       3%          2
 Teleport Other           Tloc           18%        N/A       6%          3
 Vhi's Electric Charge    Tloc/Air       20%        N/A       19%         3
 Manifold Assault         Tloc           18%        N/A       19%         4


Dungeon Overview and Level Annotations

Branches:
Dungeon (1/1)

Altars:


Innate Abilities, Weirdness & Mutations

You are very small and have problems with some larger weapons.
You are too small for most types of armour.
You have supernaturally acute eyesight. (SInv)
You cover ground extremely quickly. (Speed+++)


Message History

The river rat is severely wounded.
Nothing quivered!
You hit the river rat but do no damage.
The river rat is severely wounded.
The river rat barely misses you.
You hit the river rat but do no damage.
The river rat is severely wounded.
The river rat bites you!
Ouch! That really hurt!
* * * LOW HITPOINT WARNING * * *
You hit the river rat.
The river rat is almost dead.
The river rat barely misses you.
You barely miss the river rat. Your punch misses the river rat.
The river rat is almost dead.
You hit the river rat but do no damage.
The river rat is almost dead.
The river rat bites you.
* * * LOW HITPOINT WARNING * * *
You hit the river rat.
You kill the river rat!
Your Spellcasting skill increases to level 3!
Your Translocations skill increases to level 5!
You have reached level 2!
There is an open door, spattered with blood here.
You see here a river rat corpse.
There are no objects that can be picked up here. a river rat corpse You see here a +0 cloak.
d - a +0 cloak You start putting on your armour.
You continue putting on your +0 cloak. x4
You finish putting on your +0 cloak.
You start resting.
HP restored.
You open the door.
An oklob sapling comes into view.
The oklob sapling spits acid at you. The splash of acid hits you!!
Ouch! That really hurt!
You die...

############ #####
#<..P#.....#.$$$$#
#....†....@'.#
#PPPP#.....#P#
############ #


You could see an oklob sapling.

Vanquished Creatures
  A river rat (D)
  A rat (D)
2 creatures vanquished.

Vanquished Creatures (others)
  2 fungi (D)
2 creatures vanquished.

Grand Total: 4 creatures vanquished

Notes
Turn   | Place    | Note
-------+----------+-------------------------------------------
     0 | D        | sircluck the Spriggan Warper began the quest for the Orb.
     0 | D        | Reached XP level 1. HP: 10/10 MP: 5/5
    33 | D        | Reached skill level 5 in Translocations
    33 | D        | Reached XP level 2. HP: 1/15 MP: 7/7
    96 | D        | Noticed an oklob sapling
    96 | D        | Killed from afar by an oklob sapling

Illustrated notes

Levels and vault maps discovered:
D:        dungeon_sprint_fedhas [sprint_temple]

Skill      XL: |  1 |
---------------+----+-----
Spellcasting   | 3 |  3.3
Translocations | 5 |  5.8
Fighting       | |  1.9
Short Blades   | |  2.7
Throwing       | |  1.3
Dodging        | |  3.9

Action                     || total
---------------------------++-------
  Melee: Short sword       ||    10
  Throw: Boomerang         ||     7
  Dodge: Dodged            ||     2

Table legend: (Time is in decaauts)
 A = Elapsed time spent in this place.
 B = Non-inter-level travel time spent in this place.
 C = Inter-level travel time spent in this place.
 D = Time resting spent in this place.
 E = Time spent auto-exploring this place.
 F = Levels seen in this place.
 G = Mean time per level.
                   A        B        C        D        E       F      G
               +--------+--------+--------+--------+--------+-----+--------+
         Total |     90 |     90 |      0 |     51 |      0 |   1 |   90.0 |
       Dungeon |     90 |     90 |      0 |     51 |      0 |   1 |   90.0 |
               +--------+--------+--------+--------+--------+-----+--------+

Top non-repeatable levels by time:
       D: 90 daAuts
